 Dungeon Crawl Stone Soup version 0.32-a0-132-g2d33c3c (webtiles) character file.

Game seed: 5125502985753243826

114 Dorkslayer the Ducker (level 4, -4/31 HPs)
             Began as an Octopode Fighter on Feb 8, 2024.
             Slain by a gnoll
             ... wielding a +0 club
              (7 damage)
             ... on level 3 of the Dungeon.
             The game lasted 00:04:43 (1694 turns).

Dorkslayer the Ducker (Octopode Fighter)            Turns: 1694, Time: 00:04:44

Health: -4/31      AC:  1    Str: 17    XL:     4   Next: 97%
Magic:  4/4        EV: 13    Int: 10    God:
Gold:   75         SH:  4    Dex: 11    Spells: 3/3 levels left

rFire   . .          .
                       - Unarmed
rCold   . . .        a - +0 buckler
rNeg    . . .        (helmet restricted)
rPois   .            (no amulet)
rElec   .            (no ring)
rCorr   .            (no ring)
SInv    .            (no ring)
Will    .....        (no ring)
Stlth   +++          (no ring)
HPRegen 0.25/turn    (no ring)
MPRegen 0.09/turn    (no ring)
                     (no ring)

%: no passive effects
@: mighty
A: almost no armour, amphibious, 8 rings, camouflage 1, gelatinous body 1,
(nimble swimmer 1), tentacles
a: no special abilities


You were on level 3 of the Dungeon.
You visited 1 branch of the dungeon, and saw 3 of its levels.

You collected 75 gold pieces.

Inventory:

Missiles
 b - a throwing net (quivered)
Armour
 a - a +0 buckler (worn)
Wands
 i - a wand of iceblast (8)
Scrolls
 c - 2 scrolls of identify
 f - a scroll of amnesia
 g - a scroll of immolation
 j - 3 scrolls of teleportation {unknown}
Potions
 e - a potion of curing
 h - a potion of haste {unknown}


   Skills:
 + Level 3.2 Fighting
 + Level 3.5 Dodging
 + Level 3.4 Stealth
 + Level 3.2 Shields
 * Level 3.1 Unarmed Combat
 * Level 0.6 Evocations


You had 3 spell levels left.
You didn't know any spells.
Your spell library contained the following spells:

 Spells                   Type           Power      Damage    Failure   Level
 Apportation              Tloc           0%         N/A       43%         1
 Necrotise                Necr           0%         1d4       43%         1
 Sting                    Conj/Alch      0%         1d3       43%         1
 Summon Small Mammal      Summ           0%         N/A       43%         1


Dungeon Overview and Level Annotations

Branches:
Dungeon (3/15)

Altars:

Shops:
D:1 ((:*   D:2 ![


Innate Abilities, Weirdness & Mutations

You cannot wear most types of armour.
You are amphibious.
You can wear up to eight rings at the same time.
Your skin changes colour to match your surroundings (Stealth+).
Your rubbery body absorbs attacks. (AC +1, EV +1)
((You are camouflaged when in or above water. (Stealth+)))
You have tentacles for arms and can constrict up to eight enemies at once.


Message History

Things that are here:
a +0 whip; a +0 club; a +0 spear
Things that are here:
a +0 spear; a gnoll corpse The kobold shouts!
A gnoll comes into view. It is wielding a +0 halberd.
The gnoll hits you with a +0 halberd!
* * * LOW HITPOINT WARNING * * *
You feel much better. The gnoll misses you.
The kobold hits you with a +0 dagger.
You barely miss the gnoll. You grab the gnoll. You constrict the gnoll.
A gnoll comes into view. It is wielding a +0 spear.
You block the gnoll's attack. The kobold hits you but does no damage.
You barely miss the gnoll.
The gnoll is lightly wounded.
You constrict the gnoll. The gnoll barely misses you.
The kobold hits you but does no damage.
You tentacle-slap the gnoll. You squeeze the gnoll.
You kill the gnoll!
A gnoll comes into view. It is wielding a +0 club.
The gnoll barely misses you. The kobold closely misses you.
You closely miss the kobold. You grab the kobold. You constrict the kobold.
The gnoll hits you from afar with a +0 spear.
The kobold barely misses you.
You bludgeon the kobold!
You kill the kobold!
You block the gnoll's attack.
You see here a +0 halberd.
The gnoll misses you. The gnoll hits you with a +0 spear.
There is an open door here.
You bludgeon the gnoll! Your grab misses the gnoll.
The gnoll is severely wounded.
The gnoll hits you with a +0 spear!
* * * LOW HITPOINT WARNING * * *
The gnoll hits you with a +0 club.
* * * LOW HITPOINT WARNING * * *
You bludgeon the gnoll!
You kill the gnoll!
The gnoll hits you with a +0 club!
You die...

# #######.#.## #
#.......#))# #
#.########.### #
#...## # ###..###
# ##...### #
########..$...#
........))#...##
..#####.#@##.....
.........g.......
..#####..........
............
###..........
...........
##..........
...........
#.######..


You could see a gnoll.

Vanquished Creatures
  6 gnolls (D:3)
  2 adders
  2 dart slugs
  3 endoplasms
  4 giant cockroaches
  4 goblins
  3 hobgoblins (D:1)
  5 kobolds
  2 quokkas
  5 ball pythons
  3 bats
  4 frilled lizards
43 creatures vanquished.

Notes
Turn   | Place    | Note
-------+----------+-------------------------------------------
     0 | D:1      | Dorkslayer the Octopode Fighter began the quest for the
                  | Orb.
     0 | D:1      | Reached XP level 1. HP: 16/16 MP: 1/1
   121 | D:1      | Found Mylireno's Antique Weapon Boutique.
   143 | D:1      | Found Fuirahir's Book Shoppe.
   215 | D:1      | Found Ylujann's General Store.
   242 | D:1      | Reached XP level 2. HP: 14/21 MP: 2/2
   523 | D:1      | Reached skill level 1 in Stealth
   629 | D:1      | Found Irphoox's Weapon Shop.
   666 | D:1      | Reached XP level 3. HP: 26/26 MP: 3/3
   905 | D:2      | Found Queprig's Antique Armour Emporium.
   908 | D:2      | Identified the +3 sling of Impermanence {drain, rElec
                  | Will+}
  1408 | D:2      | Found Unnugip's Distillery.
  1666 | D:3      | Reached XP level 4. HP: 20/31 MP: 4/4
  1694 | D:3      | Slain by a gnoll

Illustrated notes

Levels and vault maps discovered:
D:1:      beargit_arrival_diablo_church, layout_basic, serial_shops,
          nicolae_shop_window_shopping, nicolae_shop_trees, nicolae_shop_stone,
          nicolae_shop_temple_entry_statues_fountains
D:2:      layout_basic, serial_shops, nicolae_shop_back_alley_shop,
          nicolae_shop_tiny_statue_garden
D:3:      layout_basic, nemelex_diamond_rough_becter, minmay_misc_feat_rows

Skill      XL: |  1  2  3  4 |
---------------+-------------+-----
Stealth        | 1 2 3 |  3.4
Unarmed Combat | 3 |  3.1
Fighting       | |  3.2
Dodging        | |  3.5
Shields        | |  3.2
Evocations     | |  0.6

Action                     |  1- 3 |  4- 6 || total
---------------------------+-------+-------++-------
  Melee: Unarmed           |    78 |    15 ||    93
         Constrict         |    22 |     4 ||    26
         Tentacles         |    13 |     1 ||    14
         Punch             |     2 |       ||     2
    Use: Scroll            |     4 |       ||     4
         Potion            |     2 |     3 ||     5
   Stab: Sleeping          |    10 |       ||    10
 Armour: Skin              |    27 |    17 ||    44
  Dodge: Dodged            |    39 |    12 ||    51
  Block: Buckler           |    11 |     4 ||    15

Table legend: (Time is in decaauts)
 A = Elapsed time spent in this place.
 B = Non-inter-level travel time spent in this place.
 C = Inter-level travel time spent in this place.
 D = Time resting spent in this place.
 E = Time spent auto-exploring this place.
 F = Levels seen in this place.
 G = Mean time per level.
                   A        B        C        D        E       F      G
               +--------+--------+--------+--------+--------+-----+--------+
         Total |   1693 |   1693 |      0 |      0 |    908 |   3 |  564.3 |
       Dungeon |   1693 |   1693 |      0 |      0 |    908 |   3 |  564.3 |
               +--------+--------+--------+--------+--------+-----+--------+

Top non-repeatable levels by time:
     D:1: 820 daAuts
     D:2: 624 daAuts
     D:3: 248 daAuts
